[Event "Early-Titled-Tuesday-Blitz-September-05-2023"]
[Site "Chess.com"]
[Date "2023.09.05"]
[Round "9"]
[White "DawidCzerw"]
[Black "Gauravthegm"]
[Result "1-0"]
[WhiteElo "2512"]
[BlackElo "2421"]
[TimeControl "180+1"]
[EndTime "9:43:26 PDT"]
[Termination "DawidCzerw won by resignation"]

1. e4 c5 2. Nf3 Nc6 3. d4 cxd4 4.
Nxd4 Nf6 5. Nc3 e5 6. Ndb5 d6 7. Nd5 Nxd5 8. exd5 Nb8 9. Qf3 a6 10. Qa3 Be7 11. Bg5 f6 12. Bd2 O-O 13. Bb4 Qd7 14. Bd3 Rd8 15. c4 b6 16. Bd2 Qb7 17. Nc3 f5 18.
O-O e4 19. Be2 Nd7 20. f3 exf3 21. Rxf3 Ne5 22. Rf2 Bd7 23. Be3 Rac8 24. c5 bxc5 25. Bxa6 Qa7 26. Bxc8 Qxa3 27. bxa3 Rxc8 28. Rb1 Ng4 29.
Re2 Bf6 30. Nd1 Re8 31. Kf1 Ba4 32. Bg1 Ra8 33. Ne3 Nxe3+ 34. Bxe3 c4 35. Bf4 c3 36.
Bxd6 c2 37. Rc1 Rd8 38. Bb4 Rxd5 39. Rcxc2 Bxc2 40. Rxc2 Rd1+ 41. Kf2 Bd4+ 42. Ke2 Ra1 43. Rd2 Be5 44. h3 Kf7 45. Kd3 g5 46. Kc4 f4 47.
a4 Rc1+ 48. Kb5 Bc3 49. Bxc3 Rxc3 50. a5 h5 51. a6 Rc7 52. Kb6 Rc4 53. a7 Ra4 54.
Rd5 g4 55. hxg4 hxg4 56. Rf5+ Ke6 57. Rxf4 Rxa2 58. Rxg4 Rb2+ 59. Ka6 Ra2+ 60. Kb7 Rb2+ 61. Ka6 Ra2+ 62. Kb6 Rb2+ 63. Ka5 Ra2+ 64. Ra4 Rxa4+ 65. Kxa4 1-0

[Event "Early-Titled-Tuesday-Blitz-September-05-2023"]
[Site "Chess.com"]
[Date "2023.09.05"]
[Round "9"]
[White "TrenerChos"]
[Black "MartinMatthiesen"]
[Result "0-1"]
[WhiteElo "2593"]
[BlackElo "2491"]
[TimeControl "180+1"]
[EndTime "9:43:27 PDT"]
[Termination "MartinMatthiesen won on time"]

1. d4 Nf6 2. Nf3 d5 3. g3 Bf5 4. Bg2 c6 5. O-O e6 6. b3 Bd6 7. Bb2 O-O 8. Nbd2 Qe7 9. c4 Nbd7 10. Nh4 Bg4 11. h3 Bh5 12. g4 Nxg4 13. Nhf3 Ngf6 14.
Ne5 Rfd8 15. Re1 Bb4 16. a3 Ba5 17. Qc2 Rac8 18. b4 Bc7 19. Nd3 Bg6 20. e4 dxe4 21. Nxe4 Nxe4 22. Bxe4 Qg5+ 23. Kf1 Qh5 24. Bg2 Ne5 25.
Rad1 Nxd3 26. Rxd3 Bxd3+ 27. Qxd3 Bb6 28. Re4 Qf5 29.
Qe2 Rd7 30. Qe3 Rcd8 31. Bc3 Qf6 32. Rf4 Qe7 33. c5 Bc7 34. Rg4 g6 35. h4 Rd5 36. Bxd5 Rxd5 37. Ke2 Bd8 38. Qf3 Qd7 39. Re4 Be7 40. Kd3 Bf8 41. Kc2 Bg7 42. Qf4 h5 43. Qe3 Qe7 44. Kb3 Qf6 45. a4 Qf5 46.
b5 Qf6 47. f4 Qe7 48. Bb4 cxb5 49. axb5 Qd7 50. Kc4 a6 51. bxa6 bxa6 52. Qd3 Qb5+ 53. Kc3 Qc6 54. Kc4 a5 55. Bxa5 Bxd4 56. Rxd4 Qxc5+ 0-1

[Event "Early-Titled-Tuesday-Blitz-September-05-2023"]
[Site "Chess.com"]
[Date "2023.09.05"]
[Round "9"]
[White "Chessbard1972"]
[Black "emeli_chess"]
[Result "1/2-1/2"]
[WhiteElo "2515"]
[BlackElo "2376"]
[TimeControl "180+1"]
[EndTime "9:43:27 PDT"]
[Termination "Game drawn - insufficient material"]

1. d4 Nf6 2. c4 e6 3. Nf3 d5 4. Nc3 Bb4 5. e3 O-O 6. Bd2 Nc6 7. Bd3 dxc4 8. Bxc4 Bd6 9. O-O a6 10. e4 e5 11. d5 Ne7 12. Nh4 g6 13. Bh6 Re8 14.
Re1 Ng4 15. Bg5 f6 16. Bd2 f5 17. exf5 gxf5 18. h3 Nf6 19. Bg5 Ng6 20. Nxg6 hxg6 21. Qd2 Qe7 22. f4 e4 23. Kh1 Qg7 24. Ne2 Nh5 25. Nd4 Bd7 26. Rac1 e3 27. Rxe3 Rxe3 28.
Qxe3 Re8 29. Ne6 Qxb2 30. Re1 b5 31. Bb3 a5 32. Re2 Qxe2 33. Qxe2 Ng3+ 34. Kh2 Nxe2 35. g3 a4 36. Bc2 Nc3 37. g4 Nxa2 38. gxf5 gxf5 39.
Bxf5 Nc3 40. Bg6 Rxe6 41. dxe6 Bxe6 42. h4 Bf8 43. f5 Bd5 44. h5 Ne4 45. Be3 Nf6 46.
Bd4 Bg7 47. h6 Ng4+ 48. Kg3 Nxh6 49. f6 Bf8 50. Kf4 Bf7 51. Be4 a3 52. Kg5 a2 53.
Ba1 b4 54. Bf5 b3 55. Bd3 c5 56. Be4 c4 57. Kf4 Be6 58. Ke5 Kf7 59. Bf3 Bf5 60. Bd5+ Be6 61. Bxe6+ Kg6 62. Bxc4 Ng4+ 63. Ke6 Nxf6 64.
Bxf6 Bg7 65. Bxb3 a1=Q 66. Bxa1 Bxa1 1/2-1/2

[Event "Early-Titled-Tuesday-Blitz-September-05-2023"]
[Site "Chess.com"]
[Date "2023.09.05"]
[Round "9"]
[White "qx4z"]
[Black "jsdbv18"]
[Result "1-0"]
[WhiteElo "2827"]
[BlackElo "2620"]
[TimeControl "180+1"]
[EndTime "9:43:28 PDT"]
[Termination "qx4z won by resignation"]

1. d4 Nf6 2. Bf4 d5 3. e3 c5 4.
Nf3 Nc6 5. Nbd2 cxd4 6. exd4 Bg4 7. c3 e6 8. Qb3 Qc8 9. h3 Bh5 10. g4 Bg6 11. Nh4 Be4 12. Nxe4 Nxe4 13. Nf3 Bd6 14.
Bxd6 Nxd6 15. Bg2 O-O 16. O-O Ne7 17. Rfe1 Ng6 18. Qc2 b5 19. Bf1 Qc7 20. Rac1 a5 21.
Ne5 Rfc8 22. a3 b4 23. axb4 axb4 24. Qb3 Nxe5 25. dxe5 Ne4 26. Qxb4 Qxe5 27. Bg2 Rab8 28. Qd4 Qxd4 29. cxd4 Nf6 30. b4 g5 31. Rxc8+ Rxc8 32. b5 Rb8 33. Bf1 Ne8 34. Rc1 Nd6 35. Rc5 Kf8 36. f3 Ke7 37. Kf2 h6 38. Ke3 f5 39.
Kd2 Ra8 40. Bd3 Ra2+ 41. Kc3 Ra3+ 42. Kc2 Ra2+ 43. Kb3 Rd2 44. Kc3 Ra2 45. b6 Ra3+ 46. Kc2 Ra4 47. Rc7+ Kd8 48. Rh7 Rb4 49. Rxh6 fxg4 50.
fxg4 Ke7 51. Rh7+ Kd8 52. Rg7 Rxb6 53. Rxg5 Ke7 54. Rg7+ Kf6 55. Rc7 Rb4 56. Rc6 Rxd4 57. Rxd6 Ke5 58. Ra6 1-0

[Event "Early-Titled-Tuesday-Blitz-September-05-2023"]
[Site "Chess.com"]
[Date "2023.09.05"]
[Round "9"]
[White "andrzej"]
[Black "Bilan_Danila"]
[Result "1-0"]
[WhiteElo "2413"]
[BlackElo "2536"]
[TimeControl "180+1"]
[EndTime "9:43:28 PDT"]
[Termination "andrzej won by checkmate"]

1. e4 c6 2. d4 d5 3. e5 c5 4. Nf3 Nc6 5. dxc5 Bg4 6. c3 e6 7. Be3 Bxf3 8. Qxf3 Nxe5 9. Qg3 Nc6 10. Bb5 Ne7 11.
Nd2 Nf5 12. Qh3 Be7 13. O-O O-O 14. b4 Bf6 15. Rac1 d4 16. cxd4 Nxb4 17. Nb3 Nxa2 18. Rc2 Nb4 19. Rd2 Nd5 20. Bd3 g6 21. Be4 Bg5 22.
Bxd5 Nxe3 23. fxe3 Qxd5 24. Nc1 b6 25. cxb6 axb6 26. Nd3 Ra3 27. Re1 Rc8 28. Ne5 Rcc3 29.
Rde2 b5 30. Nxf7 Bxe3+ 31. Kh1 Kxf7 32. Qxh7+ Ke8 33. Rf1 Rc1 34. Qxg6+ Kd7 35. Qf7+ Kd6 36. Qf8+ Kc7 37. Rxc1+ Bxc1 38. Rc2+ Kb7 39. Qc8+ Kb6 40. Qc7+ Ka6 41. Rc6+ Qxc6 42. Qxc6+ Ka5 43. Qxc1 b4 44. h4 Ka4 45. h5 Rc3 46. Qa1+ Kb5 47. h6 Rc7 48. d5 exd5 49. Qd4 Rd7 50. g4 Ka4 51. g5 Ka3 52. g6 b3 53. Qa1+ Kb4 54. h7 Ra7 55. Qxa7 b2 56. Qb6+ Kc3 57. h8=Q+ d4 58. Qh3+ Kc2 59. Qh2+ Kc1 60. Qbxb2+ Kd1 61. Qbd2# 1-0

[Event "Early-Titled-Tuesday-Blitz-September-05-2023"]
[Site "Chess.com"]
[Date "2023.09.05"]
[Round "9"]
[White "chess123456s"]
[Black "LoaySameer"]
[Result "1-0"]
[WhiteElo "2665"]
[BlackElo "2542"]
[TimeControl "180+1"]
[EndTime "9:43:33 PDT"]
[Termination "chess123456s won by resignation"]

1. d4 Nf6 2. Nc3 g6 3. e4 d6 4. f4 Bg7 5. Nf3 O-O 6. e5 Nfd7 7. Bc4 Nb6 8. Bb3 c5 9. dxc5 dxc5 10. Qxd8 Rxd8 11. Be3 Na6 12. a4 Bf5 13. a5 c4 14.
Ba2 Nd7 15. Nd4 Nb4 16. Nxf5 gxf5 17. O-O-O Nxa2+ 18. Nxa2 b6 19. Nb4 Nf8 20. Rxd8 Rxd8 21. axb6 axb6 22. Bxb6 Rb8 23. Bc5 Ng6 24. Nd5 Kf8 25.
Be3 Ke8 26. Rd1 Rb7 27. Bb6 e6 28. Nc7+ Kf8 29. Bc5+ Kg8 30. Rd8+ Bf8 31. Ne8 h5 32. Nf6+ Kg7 33. Nxh5+ Kh6 34. Bxf8+ Kxh5 35. g3 Kg4 36.
Bc5 Kf3 37. Rd2 c3 38. bxc3 Rb8 39. Bb4 Rh8 40. Kb2 Rb8 41. Ka3 Ke4 42. c4 Rb7 43.
Rd3 Rc7 44. Kb3 Rc8 45. Bd6 Rc6 46. c5 f6 47. Kc4 fxe5 48. fxe5 Nxe5+ 49. Bxe5 Kxe5 50. Kb5 Rc8 51. c6 Ke4 52. Kb6 e5 53. c7 Rh8 54.
Rd8 Rh6+ 55. Kb5 f4 56. c8=Q fxg3 57. hxg3 Kf3 58. Qc3+ Kg2 59. Qxe5 1-0

[Event "Early-Titled-Tuesday-Blitz-September-05-2023"]
[Site "Chess.com"]
[Date "2023.09.05"]
[Round "9"]
[White "jk13"]
[Black "malakismayil"]
[Result "1-0"]
[WhiteElo "2683"]
[BlackElo "2531"]
[TimeControl "180+1"]
[EndTime "9:43:35 PDT"]
[Termination "jk13 won on time"]

1. e4 e5 2. Nf3 Nc6 3. Bc4 Bc5 4. c3 Nf6 5. d3 O-O 6. O-O h6 7. Bb3 d6 8. h3 Bb6 9. Re1 Re8 10. Nbd2 Be6 11. Bc2 d5 12. Qe2 Qd7 13. Nf1 Rad8 14. N3h2 Ne7 15. Qf3 Kh7 16. Ng3 d4 17. Bd2 c5 18.
Rad1 Bc7 19. Bc1 Ng6 20. a3 b5 21. Kh1 Nh4 22. Qe2 g5 23. Nh5 Nxh5 24. Qxh5 f6 25. Rg1 Bf7 26. Qe2 Ng6 27. Qf3 Kg7 28. Ng4 Qd6 29.
g3 h5 30. Nh2 Rh8 31. Rde1 Be6 32. Qg2 Qd7 33. g4 hxg4 34. hxg4 Rh4 35. Qf3 Rdh8 36. Rg2 Rh3 37. Qe2 Nh4 38. Rg3 Rxg3 39. fxg3 Ng6 40. Kg2 Qf7 41. Rh1 Qg8 42. Nf1 Rxh1 43.
Kxh1 Qc8 44. Kg2 Bxg4 45. Qf2 Qe6 46. Nd2 Ne7 47. Bb3 Qd7 48. cxd4 cxd4 49. Nf3 Be6 50. Bxe6 Qxe6 51. Nh2 Qc6 52. Bd2 Qc2 53. Qe2 Ng8 54.
Kf2 Bd6 55. Nf1 Qc6 56. Qg4 Ne7 57. Qe6 Qc7 58. g4 Ng6 59. Ng3 Bf8 60. Nf5+ Kh7 61.
Qxf6 Qd7 62. Qxg5 1-0

[Event "Early-Titled-Tuesday-Blitz-September-05-2023"]
[Site "Chess.com"]
[Date "2023.09.05"]
[Round "9"]
[White "venturov"]
[Black "slidingknight2775"]
[Result "1/2-1/2"]
[WhiteElo "2434"]
[BlackElo "2568"]
[TimeControl "180+1"]
[EndTime "9:43:35 PDT"]
[Termination "Game drawn - insufficient material"]

1. e4 c6 2. Nf3 d5 3. Nc3 dxe4 4. Nxe4 Nf6 5. Qe2 Nxe4 6. Qxe4 Qd5 7. Qxd5 cxd5 8. d4 Nc6 9. c3 Bf5 10. Bf4 e6 11. Kd2 f6 12. Bd3 Bg6 13. h4 Bxd3 14. Kxd3 Kd7 15. Rae1 Bd6 16. Bxd6 Kxd6 17. Nd2 b6 18.
Rh3 Rhe8 19. h5 e5 20. dxe5+ fxe5 21. Rg3 Re7 22. c4 e4+ 23. Kc3 d4+ 24. Kb3 Rae8 25. Rg4 e3 26. fxe3 Rxe3+ 27. Rxe3 dxe3 28. Ne4+ Ke5 29. Nc3 Kf5 30. Rxg7 e2 31. Nxe2 Rxe2 32. g4+ Kf6 33. Rxh7 Kg5 34. Rg7+ Kf4 35. h6 Rh2 36. h7 Ne5 37. g5 Kf5 38. Rxa7 Kxg5 39. Kc3 Rh3+ 40.
Kc2 Rh2+ 41. Kc3 Rh3+ 42. Kc2 Nxc4 43. b3 Ne3+ 44. Kc3 Nf5+ 45. Kc4 Kg6 46. Kb5 Nd6+ 47. Kc6 Nf7 48. Kxb6 Rxh7 49. a4 Rh4 50. a5 Rb4+ 51. Kc5 Rxb3 52. Ra6+ Kf5 53. Rb6 Rxb6 54. Kxb6 Nd6 55. a6 Nc8+ 56. Kb7 Nd6+ 57. Kc7 Nb5+ 58. Kb6 Nd6 59. Kc6 Nc8 60. Kc7 Na7 61. Kb6 Nc8+ 62.
Kb7 Nd6+ 63. Kc6 Nc8 64. Kc5 Ke6 65. Kc6 Ke7 66. Kb7 Nd6+ 67. Kc7 Nb5+ 68. Kb6 Nd6 69.
a7 Nc8+ 70. Kb7 Nxa7 1/2-1/2

[Event "Early-Titled-Tuesday-Blitz-September-05-2023"]
[Site "Chess.com"]
[Date "2023.09.05"]
[Round "9"]
[White "Yerlan-Ra"]
[Black "twofoxniel"]
[Result "0-1"]
[WhiteElo "2466"]
[BlackElo "2670"]
[TimeControl "180+1"]
[EndTime "9:43:43 PDT"]
[Termination "twofoxniel won by resignation"]

1. e4 d5 2. exd5 Nf6 3. d4 Bg4 4. f3 Bf5 5. g4 Bg6 6. h4 h6 7. h5 Bh7 8. c4 e6 9. Qa4+ c6 10. dxc6 Nxc6 11. Be3 Bb4+ 12. Nc3 O-O 13. Ne2 Re8 14. Kf2 e5 15. d5 Bxc3 16. bxc3 e4 17. Ng3 exf3 18. Bh3 Ne5 19. Bd4 Nfxg4+ 20. Bxg4 Nxg4+ 21. Kxf3 Qg5 22. Rae1 Nh2+ 23. Kg2 Qd2+ 24. Kh3 Rxe1 25. Rxe1 Qxe1 26. Kxh2 Be4 27. Qd7 Qd2+ 28. Kh3 Qg2+ 29. Kg4 Qf3+ 30. Kh3 Bd3 31. Qg4 Bf1+ 32. Kh4 Qxg4+ 33. Kxg4 Bxc4 34. d6 Bxa2 35. Kf4 Be6 36. Ne4 a5 37. Nc5 b6 38. Na4 b5 39. Nb6 Rd8 40. Ke5 Bc4 41. Bc5 f6+ 42. Kd4 Kf7 43. Nxc4 bxc4 44. Kxc4 Ke6 45. Kb5 Rc8 46. c4 a4 47. Ba3 Kd7 48. c5 Rc6 49. Kxa4 f5 50.
Kb5 f4 51. Bc1 f3 52. Be3 Rc8 53. Kc4 Kc6 54. Kd4 Re8 55. Bg1 Re1 56. Be3 Rd1+ 57. Ke4 f2 58. Bxf2 Rh1 59. Kf5 Rxh5+ 60. Kg6 Rg5+ 61.
Kh7 h5 62. Be3 Rg4 63. Bf2 h4 0-1

[Event "Early-Titled-Tuesday-Blitz-September-05-2023"]
[Site "Chess.com"]
[Date "2023.09.05"]
[Round "9"]
[White "Fleetw00dMac"]
[Black "Orlov_Oleg"]
[Result "0-1"]
[WhiteElo "2459"]
[BlackElo "2603"]
[TimeControl "180+1"]
[EndTime "9:43:47 PDT"]
[Termination "Orlov_Oleg won by resignation"]

1. d4 Nf6 2. c4 g6 3. Nc3 Bg7 4. e4 d6 5. Nf3 O-O 6. Be2 e5 7.
O-O a5 8. dxe5 dxe5 9. Qxd8 Rxd8 10. Bg5 Be6 11. Nd5 Bxd5 12. cxd5 c6 13. Bc4 b5 14. Be2 cxd5 15. Bxf6 Bxf6 16. exd5 Rxd5 17. Rfd1 Rxd1+ 18. Rxd1 b4 19. Nd2 Nc6 20. Ne4 Be7 21. Rd7 Ra7 22. Rd5 Nd4 23. Bc4 Kg7 24. Rxe5 a4 25.
Rd5 Nf5 26. g3 b3 27. axb3 axb3 28. Bxb3 Rb7 29. Nd2 Bf6 30. Bc2 Nd4 31. Bd3 Rxb2 32.
Ne4 Nf3+ 33. Kf1 Nxh2+ 34. Kg2 Ng4 35. Rd7 Ne5 36. Rd5 Ng4 37. Rd7 Ne5 38. Rd5 Nxd3 39. Rxd3 h5 40. Rd7 Be5 41. Nd6 Bxd6 42. Rxd6 Rb5 43. Rc6 Rf5 44. Rb6 Rf6 45. Rb5 Kh6 46. Rc5 g5 47. Rb5 Kg6 48. Rb4 Rf5 49. Rc4 f6 50.
Rb4 g4 51. Ra4 Rc5 52. Rb4 Kg5 53. Ra4 h4 54. gxh4+ Kxh4 55. Rb4 f5 56. Ra4 Kg5 57. Rb4 Rc2 58. Ra4 f4 59. Kg1 f3 60. Ra8 Rc1+ 61.
Kh2 Rf1 62. Rg8+ Kf4 63. Rf8+ Ke4 64. Re8+ Kd3 65. Kg3 Rg1+ 66. Kf4 Rg2 67. Re7 Kd2 68. Re8 Rg1 69. Re7 Re1 70. Ra7 Rg1 71. Re7 Re1 72.
Ra7 Ke2 73. Ra2+ Kf1 74. Kxg4 Kg2 75. Kf4 Re2 76. Ra8 Kxf2 0-1

[Event "Early-Titled-Tuesday-Blitz-September-05-2023"]
[Site "Chess.com"]
[Date "2023.09.05"]
[Round "9"]
[White "InadaC"]
[Black "suspiciumchess"]
[Result "0-1"]
[WhiteElo "1728"]
[BlackElo "2258"]
[TimeControl "180+1"]
[EndTime "9:43:47 PDT"]
[Termination "suspiciumchess won by checkmate"]

1. d4 d5 2. c4 c6 3. cxd5 cxd5 4. Bg5 Nf6 5. Bxf6 exf6 6. e3 Bd6 7. Nc3 Be6 8. Qa4+ Nd7 9. Qb3 O-O 10. Nf3 f5 11.
Be2 Nf6 12. O-O Qe7 13. Nb5 Bb8 14. Rac1 f4 15. Ne5 Ne4 16. Nf3 a6 17. Nc3 fxe3 18.
fxe3 Rd8 19. Rfd1 Bd6 20. Na4 b5 21. Nc3 Qf6 22. Rf1 Qh6 23. Qc2 Qxe3+ 24. Kh1 Nf2+ 25. Rxf2 Qxf2 26. Rf1 Qe3 27. Nd1 Qh6 28. Nf2 Rac8 29. Qd1 Rc7 30. a4 bxa4 31. Qxa4 Rdc8 32. Bxa6 Rc1 33. Be2 g5 34. Qa6 R1c6 35. Qa4 g4 36. Ne5 Bxe5 37. dxe5 g3 38. Ng4 Bxg4 39. Qxg4+ Qg6 40.
Qf4 gxh2 41. Kxh2 Rc2 42. Rf2 Rxe2 43. Rxe2 Qh5+ 44. Kg1 Qxe2 45. Qg5+ Kf8 46. Qf6 Qd1+ 47. Kh2 Qh5+ 48. Kg1 Rc1+ 49. Kf2 Qg6 50. Qd8+ Kg7 51. Qxd5 Rc2+ 52. Kf1 Qf5+ 53. Kg1 Rxb2 54. Qd4 Rb1+ 55.
Kh2 Qh5+ 56. Kg3 Rb3+ 57. Kf2 Qf5+ 58. Kg1 Rg3 59. e6+ Qf6 60. Qd6 Rg6 61. e7 Qxd6 62.
e8=Q Qg3 63. Qe2 Qg5 64. Qf2 Qf6 65. Qb2 Qxb2 66. Kh2 Qb1 67. Kh3 Qc2 68. g4 Qe4 69. Kh4 Qxg4# 0-1

[Event "Early-Titled-Tuesday-Blitz-September-05-2023"]
[Site "Chess.com"]
[Date "2023.09.05"]
[Round "9"]
[White "noblerone"]
[Black "Cheer_Down"]
[Result "1-0"]
[WhiteElo "2530"]
[BlackElo "2428"]
[TimeControl "180+1"]
[EndTime "9:43:48 PDT"]
[Termination "noblerone won on time"]

1. d4 Nf6 2. Nf3 d5 3. Bg5 Ne4 4. Bf4 c5 5. e3 Nc6 6. c3 Qb6 7. Qb3 c4 8. Qxb6 axb6 9. Nfd2 Nxd2 10. Nxd2 b5 11. e4 e6 12. Be2 b4 13. Bf3 bxc3 14. bxc3 Ra3 15. Nb1 Ra5 16. O-O dxe4 17. Bxe4 g5 18.
Bc7 Ra4 19. Nd2 f5 20. Bc2 Ra3 21. Nb1 Ra6 22. Re1 Kf7 23. h3 b5 24. a4 b4 25.
cxb4 Nxd4 26. Bd1 Bxb4 27. Re3 f4 28. Re4 Bc5 29. Be5 Rd8 30. Nc3 Bb7 31. Re1 Bb4 32.
Rc1 Nb3 33. Rb1 Bxc3 34. Bxc3 Bd5 35. a5 Nxa5 36. Bh5+ Kf8 37. Re5 h6 38. h4 Nc6 39.
Ree1 Ra3 40. Bf6 Rb8 41. Rxb8+ Nxb8 42. hxg5 hxg5 43. Bxg5 f3 44. Bf4 Nc6 45. Bd6+ Kg7 46. Bxa3 fxg2 47. f3 Nd4 48. Kxg2 Nc2 49. Rc1 Nxa3 50.
Kf2 Nb5 51. Ke3 Na3 52. f4 Kf6 53. Bf3 Bxf3 54. Kxf3 Nb5 55. Ke4 Nd6+ 56. Kd4 Kf5 57. Kc5 Ne4+ 58. Kxc4 Kxf4 59. Kd4 e5+ 60. Kd3 Nf2+ 61.
Ke2 Ne4 62. Rf1+ Kg5 63. Ke3 Ng3 64. Rg1 Kg4 65. Kf2 Kf4 66. Rxg3 e4 67. Rg8 e3+ 68. Ke2 Ke4 69. Re8+ Kd4 70. Rxe3 1-0

[Event "Early-Titled-Tuesday-Blitz-September-05-2023"]
[Site "Chess.com"]
[Date "2023.09.05"]
[Round "9"]
[White "Agibileg"]
[Black "Emp3rador"]
[Result "1/2-1/2"]
[WhiteElo "2667"]
[BlackElo "2494"]
[TimeControl "180+1"]
[EndTime "9:43:52 PDT"]
[Termination "Game drawn by repetition"]

1. d4 d5 2. c4 c6 3. Nf3 Nf6 4. Nc3 dxc4 5. g3 b5 6. Bg2 e6 7. O-O Bb7 8. a4 a6 9. Bg5 Be7 10.
Bxf6 gxf6 11. Qc2 Nd7 12. Rfd1 Qb6 13. Ne4 Rd8 14. b3 f5 15. Ned2 c5 16. bxc4 cxd4 17. cxb5 axb5 18. axb5 Bf6 19. Nc4 Qc5 20. Rac1 O-O 21.
Na5 Qxc2 22. Rxc2 Be4 23. Rc7 Nb6 24. Nc6 Rd5 25. Nfxd4 Bxg2 26. Kxg2 e5 27. Ra1 exd4 28. Ra6 Nc8 29. b6 Rb5 30. b7 Nd6 31. b8=Q Rbxb8 32.
Nxb8 Rxb8 33. Rxd6 Be5 34. Rcd7 Bxd6 35. Rxd6 Rb4 36.
Kf3 Kg7 37. Kf4 Rb2 38. Kf3 Rb3+ 39. Kg2 Rb2 40. Rxd4 Rxe2 41. h4 Re6 42. Kf3 Kf6 43. Ra4 Rb6 44. Kf4 h6 45. f3 Kg6 46. Ra5 Rb4+ 47.
Ke3 Rb3+ 48. Kf2 Rb2+ 49. Kf1 Rb1+ 50. Kg2 Rb2+ 51. Kh3 Rf2 52. h5+ Kf6 53. f4 Re2 54.
Ra6+ Kg7 55. Ra1 Rb2 56. Rg1 Kf6 57. Rg2 Rxg2 58. Kxg2 Ke6 59. Kf3 Kd5 60. Ke3 Kc4 61. Ke2 Kd4 62. Kd2 Ke4 63. Ke2 f6 64. Kf2 Kd3 65. Kf3 Kd4 66. Kf2 Ke4 67. Ke2 Kd4 68.
Kf2 Kd3 69. Kf3 Kd4 70. Kf2 1/2-1/2

[Event "Early-Titled-Tuesday-Blitz-September-05-2023"]
[Site "Chess.com"]
[Date "2023.09.05"]
[Round "9"]
[White "BlitzWizard04"]
[Black "zverr1"]
[Result "0-1"]
[WhiteElo "2597"]
[BlackElo "2504"]
[TimeControl "180+1"]
[EndTime "9:43:55 PDT"]
[Termination "zverr1 won by resignation"]

1. e4 c5 2. Nf3 d6 3. d4 cxd4 4. Nxd4 Nf6 5. Nc3 a6 6. Bg5 e6 7. Qd2 h6 8. Bh4 Be7 9. Bg3 b5 10. a3 Qb6 11. O-O-O Bb7 12. f3 Nbd7 13. Bf2 Qc7 14.
Ndxb5 axb5 15. Nxb5 Qb8 16. Nxd6+ Bxd6 17. Qxd6 Qxd6 18.
Rxd6 Ke7 19. Rd3 Rhc8 20. Rb3 Ba6 21. Bxa6 Rxa6 22. Rd1 Rc7 23. Be1 e5 24. Bb4+ Ke6 25. Rbd3 Ne8 26. Kb1 Rac6 27. c3 g6 28. a4 f5 29.
exf5+ gxf5 30. a5 e4 31. fxe4 fxe4 32. Rh3 Kf7 33. Re1 Re6 34. Rh4 e3 35. Rh3 e2 36.
Rf3+ Nef6 37. Rf2 Ne5 38. Rfxe2 Nfd7 39. Rf2+ Rf6 40. Rxf6+ Kxf6 41. Rd1 Nc4 42. b3 Ne3 43. Rd6+ Ke5 44. Rxh6 Nf5 45. Rh5 Nf6 46. Bd6+ Kxd6 47. Rxf5 Nd5 48. c4 Ne3 49. Rg5 Rb7 50. Ka2 Nc2 51.
Kb2 Ne3 52. Rb5 Rh7 53. a6 Ra7 54. Rb6+ Kc5 55. Rg6 Kb4 56. h4 Nd1+ 57. Kc2 Ne3+ 58. Kd3 Nf5 59. h5 Kxb3 60. c5 Kb4 61. Ke4 Nh4 62. Rf6 Nxg2 63. h6 Kxc5 64. Kf5 Ne3+ 65.
Kg6 Nd5 66. Re6 Nf4+ 67. Kf6 Nxe6 68. Kxe6 Rxa6+ 69. Kf5 Rxh6 0-1

[Event "Early-Titled-Tuesday-Blitz-September-05-2023"]
[Site "Chess.com"]
[Date "2023.09.05"]
[Round "9"]
[White "GaalZsoka"]
[Black "Amirreza_p"]
[Result "1-0"]
[WhiteElo "2475"]
[BlackElo "2572"]
[TimeControl "180+1"]
[EndTime "9:43:56 PDT"]
[Termination "GaalZsoka won on time"]

1. Nf3 Nf6 2. g3 b5 3. Bg2 Bb7 4. O-O e6 5. d4 Be7 6. a4 b4 7. c4 bxc3 8. Nxc3 O-O 9. a5 a6 10.
Qc2 c5 11. e4 cxd4 12. Nxd4 Nc6 13. Nxc6 Bxc6 14. Be3 Qc8 15. Na4 Qb7 16. Nb6 Rae8 17. f3 d5 18. Rfc1 Bb5 19. Bd4 dxe4 20. fxe4 e5 21. Bc5 Bxc5+ 22. Qxc5 Nd7 23. Qc7 Qxc7 24.
Rxc7 Nf6 25. Rd1 Rd8 26. Rxd8 Rxd8 27. Rc8 Rxc8 28. Nxc8 Kf8 29. Nd6 Bd3 30. Nb7 Ke7 31.
Nc5 Bb5 32. b4 Kd6 33. Bf1 Kc6 34. Nxa6 Bxf1 35. Kxf1 Nxe4 36. Nb8+ Kb7 37. Nd7 f6 38. Ke2 Nd6 39. Kd3 Kc6 40. Nc5 Kb5 41. Kc3 e4 42. a6 Kb6 43. Kd4 f5 44. h3 g6 45. g4 h5 46. gxf5 gxf5 47. Ne6 Kxa6 48. Ng7 Kb6 49. Nxh5 Kb5 50. Nf4 Kxb4 51. h4 Nf7 52. h5 Kb3 53. Ne6 Kc2 54. Ng7 f4 55. Kxe4 Kd2 56. Kxf4 Kd3 57. Kf5 Kd4 58. Kg6 Ne5+ 59. Kf6 Ng4+ 60. Kg5 Ne5 61. Ne6+ Kd5 62. Nd8 Kd6 63. h6 Ke7 64. h7 Kxd8 65. Kf6 Ng4+ 66. Kg7 1-0

[Event "Early-Titled-Tuesday-Blitz-September-05-2023"]
[Site "Chess.com"]
[Date "2023.09.05"]
[Round "9"]
[White "MathiasWomacka"]
[Black "MKlose11"]
[Result "0-1"]
[WhiteElo "2490"]
[BlackElo "2650"]
[TimeControl "180+1"]
[EndTime "9:44:01 PDT"]
[Termination "MKlose11 won by resignation"]

1. e4 e6 2. d4 Nf6 3. e5 Nd5 4. c4 Nb6 5. Nc3 d6 6. f4 c5 7. dxc5 dxc5 8. Qxd8+ Kxd8 9. Nf3 Nc6 10. Be3 Bd7 11.
Ne4 Nb4 12. O-O-O Na6 13. Rd2 Be7 14. Be2 Kc7 15. Rhd1 Bc6 16. Nfg5 Raf8 17. Nd6 Bxg5 18. fxg5 Nd7 19. Bf4 Nab8 20. g3 a6 21. h4 h6 22.
gxh6 gxh6 23. b3 f6 24. exf6 e5 25. Be3 Rxf6 26. Bh5 Bf3 27. Ne8+ Rxe8 28. Bxe8 Bxd1 29. Kxd1 Rf3 30. Bxh6 Rxg3 31. Bg5 Rh3 32. Bg6 Nf8 33. Bf5 Rf3 34. Be4 Rg3 35. Bd8+ Kc8 36. Bb6 Nbd7 37. Bf5 Rf3 38. Bg4 Rf4 39. Bh3 Rxh4 40. Bf5 Rf4 41. Bh3 Rf6 42. Bxc5 Rh6 43. Bf5 Rf6 44. Bg4 Kc7 45. Be3 Ne6 46. Bxe6 Rxe6 47. Kc2 Rg6 48. Bf2 Rg4 49. Kc3 Kc6 50. b4 Nf6 51. Kb3 Ne4 52. Re2 Rf4 53. Be3 Rf3 54. a4 Nd6 55. b5+ axb5 56.
axb5+ Kd7 57. Kb4 Ke6 58. c5 Nf5 59. Bg1 Rf4+ 60. Ka5 Kd5 61. Kb6 Rh4 62. c6 bxc6 63. bxc6 Rh6 64. Rd2+ Nd4 65. Bxd4 exd4 66. Rc2 d3 67. Rc1 d2 68. Rd1 Rxc6+ 69. Kb5 Rc2 70. Kb4 Kd4 71. Kb3 Kd3 72. Rh1 Rc1 73. Rh3+ Ke4 74. Rh4+ Kf3 75. Rd4 d1=Q+ 0-1

[Event "Early-Titled-Tuesday-Blitz-September-05-2023"]
[Site "Chess.com"]
[Date "2023.09.05"]
[Round "9"]
[White "ChampStan"]
[Black "Apocalyps999"]
[Result "0-1"]
[WhiteElo "2122"]
[BlackElo "2303"]
[TimeControl "180+1"]
[EndTime "9:44:02 PDT"]
[Termination "Apocalyps999 won by resignation"]

1. e4 e5 2. Nf3 Nc6 3. Bc4 Nf6 4. Ng5 d5 5. exd5 Na5 6. Bb5+ c6 7. dxc6 bxc6 8. Bd3 Nd5 9. Ne4 Nf4 10. Qf3 f5 11.
Ng3 Nxd3+ 12. Qxd3 Qxd3 13. cxd3 Bd6 14. Nc3 O-O 15. O-O Nb7 16. a3 Nc5 17. d4 exd4 18.
Nce2 Ba6 19. Rd1 d3 20. Nd4 f4 21. Ngf5 Be5 22. Nxc6 Bf6 23. b4 Bxa1 24. bxc5 Rxf5 25. Ne7+ Kf7 26. Nxf5 g5 27. a4 Kf6 28. Nd6 Bd4 29.
Ba3 Ke6 30. Re1+ Kd5 31. Ne4 Bb7 32. Kf1 Bc6 33. f3 Bxa4 34. Rb1 h6 35. Rb7 Bc6 36.
Rf7 Rb8 37. g3 Rb1+ 38. Kg2 fxg3 39. hxg3 Kc4 40. Nd6+ Kb3 41. Rb7+ Ka2 42. Bb4 g4 43. Rxa7+ Kb3 44. Ne4 gxf3+ 45. Kxf3 Kxb4 46. Ra6 Bb5 47. Rb6 Rf1+ 48. Kg2 Rg1+ 49. Kf3 Bxc5 50. Nxc5 Kxc5 51. Rxh6 Rd1 52. Rh2 Re1 53. g4 Re2 54. Rxe2 dxe2 55.
Kf2 Kd4 56. g5 Ke5 57. g6 Kf6 58. Ke1 Kxg6 59. Kf2 Kf5 60. Ke1 Kg6 61. Kf2 Kf5 62. Ke1 Ke4 63. Kf2 Kd3 64. Ke1 Kc2 65. d4 Kd3 66. d5 Bd7 67. d6 Be6 68. d7 Bxd7 69.
Kf2 Kd2 70. Kf3 e1=Q 71. Kf4 Be6 72. Kg5 Qe5+ 73. Kg6 Qf5+ 0-1

[Event "Early-Titled-Tuesday-Blitz-September-05-2023"]
[Site "Chess.com"]
[Date "2023.09.05"]
[Round "9"]
[White "PavelChernomordik"]
[Black "amanjazu"]
[Result "0-1"]
[WhiteElo "2474"]
[BlackElo "2372"]
[TimeControl "180+1"]
[EndTime "9:44:07 PDT"]
[Termination "amanjazu won on time"]

1. e4 Nf6 2. Nc3 e5 3. Nf3 Nc6 4. d4 exd4 5. Nxd4 Bb4 6. Nxc6 bxc6 7. Bd3 d5 8. exd5 cxd5 9. O-O O-O 10. h3 h6 11. Qf3 c6 12. Bf4 Re8 13. a3 Bd6 14. Rad1 Bb7 15. Bf5 Qc7 16. Bxd6 Qxd6 17. Na4 Re5 18. b4 Ba6 19. Rfe1 Rae8 20. Rxe5 Qxe5 21. Bd3 Bxd3 22. cxd3 Qd4 23. Rc1 a5 24. Rxc6 axb4 25. Qd1 bxa3 26. Nc3 Ra8 27. Na2 Rb8 28. Nc1 Rb1 29.
Rc2 Qa1 30. Kh2 a2 31. Qd2 Qe5+ 32. f4 a1=Q 33. fxe5 Qxe5+ 34. g3 Nh5 35. Ne2 Rb6 36. d4 Qb8 37. Nf4 Nxf4 38. Qxf4 Qxf4 39. gxf4 g6 40. Kg3 Kg7 41. Rc5 Rd6 42. Kf3 Kf6 43. Kg4 h5+ 44. Kg3 Kf5 45. Kf3 f6 46. Rb5 g5 47.
fxg5 fxg5 48. Rc5 g4+ 49. hxg4+ hxg4+ 50. Ke3 g3 51. Kf3 g2 52. Kxg2 Ke4 53. Kf2 Kxd4 54. Rc1 Re6 55. Rd1+ Kc4 56. Rc1+ Kb3 57. Rc8 d4 58.
Rd8 Kc3 59. Rc8+ Kd2 60. Rd8 d3 61. Kf3 Kc2 62. Rc8+ Kd1 63. Rd8 d2 64. Kf2 Rf6+ 65. Ke3 Re6+ 66. Kf2 Re2+ 67. Kf3 Ke1 0-1